 Dungeon Crawl Stone Soup version 0.23.1 (webtiles) character file.

Game seed: 16124798980973091634

61 Borgoz the Sneak (level 4, -4/36 HPs)
             Began as a Ghoul Enchanter on Mar 2, 2019.
             Slain by Natasha (7 damage)
             ... on level 2 of the Dungeon.
             The game lasted 00:02:47 (1522 turns).

Borgoz the Sneak (Ghoul Enchanter)                  Turns: 1522, Time: 00:02:47

Health: -4/36      AC:  6    Str: 11    XL:     4   Next: 7%
Magic:  5/6        EV: 10    Int: 10    God:
Gold:   138        SH:  0    Dex: 10    Spells: 4/7 levels left

rFire    . . .     SeeInvis .   a - +1 dagger
rCold    + . .     Gourm    .   (no shield)
rNeg     + + +     Faith    .   f - +0 ring mail
rPois    ∞         Spirit   .   (no helmet)
rElec    .         Reflect  .   (no cloak)
rCorr    .         Harm     .   (no gloves)
MR       .....                  g - +0 pair of boots
Stlth    ++........             (no amulet)
HPRegen  0.00/turn              (no ring)
MPRegen  0.10/turn              (no ring)

@: rotting
A: rotting body, claws 1, carnivore, cold resistance 1, negative energy
resistance 3, inhibited regeneration, torment resistance, unbreathing
a: no special abilities


You were on level 2 of the Dungeon.
You were not hungry.

You visited 1 branch of the dungeon, and saw 2 of its levels.

You collected 138 gold pieces.

Inventory:

Hand Weapons
 a - a +1 dagger (weapon)
Missiles
 c - 2 needles of confusion
Armour
 f - a +0 ring mail (worn)
 g - a +0 pair of boots (worn)
Scrolls
 e - a scroll of identify
Comestibles
 d - 2 rations


   Skills:
 * Level 1.7 Fighting
 * Level 1.4 Short Blades
 + Level 0.5 Throwing
 + Level 0.8 Armour
 + Level 2.1 Dodging
 + Level 3.6 Stealth
 + Level 2.0 Spellcasting
 + Level 2.5 Hexes


You had 4 spell levels left.
You knew the following spells:

 Your Spells              Type           Power        Failure   Level  Hunger
a - Corona                Hex            #......      26%         1    ##.....
b - Ensorcelled Hibernat  Hex/Ice        #.....       56%         2    ###....

Your spell library contained the following spells:

 Spells                   Type           Power        Failure   Level  Hunger
 Confuse                  Hex            #.......     63%         3    ####...
 Tukima's Dance           Hex            #.......     63%         3    ####...
 Dazzling Spray           Conj/Hex       #.....       80%         3    ####...


Dungeon Overview and Level Annotations

Branches:
Dungeon (2/15)

Altars:
Yredelemnul
The Shining One

Annotations:
D:2 Natasha, Terence


Innate Abilities, Weirdness & Mutations

Your body is rotting away.
You thrive on raw meat.
You are immune to poison.
You have sharp fingernails.
You are carnivorous and can eat meat at any time.
Your flesh is cold resistant. (rC+)
You are immune to negative energy. (rN+++)
You do not regenerate when monsters are visible.
You are immune to unholy pain and torment.
You can survive without breathing.


Message History

Natasha is heavily wounded.
Natasha claws you.
You hit Natasha.
Natasha is severely wounded.
Natasha closely misses you.
You barely miss Natasha.
Natasha is severely wounded.
Natasha claws you!
* * * LOW HITPOINT WARNING * * *
You closely miss Natasha.
Natasha is severely wounded.
Natasha claws you.
* * * LOW HITPOINT WARNING * * *
You barely miss Natasha.
Natasha is severely wounded.
Natasha claws you but does no damage.
Your ring mail prevents you from hitting Natasha.
Natasha is severely wounded.
Natasha claws you!
You die...

..........# #.## ♣.....♣
.#....<..# #..# ♣....♣# #########
#..# ♣....♣ #..## #♣...♣## ######
### #...# #♣...♣♣ . #....# ##.##
#...######♣..♣♣###.
####.####.#.####..(.......♣###...
.........###.#####.......###....#
#######'###.....@h.###.....÷÷##.#
######...########### ###........#
....##.#.# #.######.. ######.#.#
#.# #.# #.#.# #.# #.# ##.#.## ...
####.# ##..#..## #.# #....#
##..###..## #####.####
##....#....## #.....#


You could see Natasha.

Vanquished Creatures
  An adder (D:2)
  A dart slug (D:1)
  A ball python (D:1)
  6 giant cockroaches
  A goblin (D:1)
  6 hobgoblins
  8 jackals
  A quokka (D:2)
  4 bats
  5 frilled lizards
  4 kobolds
  7 rats
45 creatures vanquished.

Notes
Turn   | Place    | Note
-------+----------+-------------------------------------------
     0 | D:1      | Borgoz the Ghoul Enchanter began the quest for the Orb.
     0 | D:1      | Reached XP level 1. HP: 14/14 MP: 2/2
    73 | D:1      | Reached skill level 1 in Short Blades
   124 | D:1      | Reached XP level 2. HP: 22/22 MP: 3/3
   128 | D:1      | Learned a level 2 spell: Ensorcelled Hibernation
   772 | D:1      | Reached skill level 1 in Fighting
   772 | D:1      | Reached XP level 3. HP: 28/28 MP: 4/4
   942 | D:2      | Noticed Terence
  1266 | D:2      | Reached XP level 4. HP: 22/35 MP: 6/6
  1396 | D:2      | Found a basalt altar of Yredelemnul.
  1452 | D:2      | Found a glowing golden altar of the Shining One.
  1498 | D:2      | Noticed Natasha
  1522 | D:2      | Slain by Natasha

Skill      XL: |  1  2  3 |
---------------+----------+-----
Short Blades   | 1 |  1.4
Fighting       | 1 |  1.7
Spellcasting   | 2 |  2.0
Dodging        | 2 |  2.1
Throwing       | |  0.5
Armour         | |  0.8
Stealth        | |  3.6
Hexes          | |  2.5

Action                   |  1- 3 |  4- 6 || total
-------------------------+-------+-------++-------
Melee: Dagger            |   166 |    31 ||   197
 Cast: Corona            |     3 |     2 ||     5
  Use: Scroll            |     1 |       ||     1
 Stab: Sleeping          |    11 |     1 ||    12
       Distracted        |     1 |       ||     1
  Eat: Chunk             |    11 |     1 ||    12
Armor: Robe              |    11 |       ||    11
       Ring mail         |    51 |    10 ||    61
Dodge: Dodged            |    94 |    15 ||   109
